 Dungeon Crawl Stone Soup version 0.29-a0-338-g1ff7896281 (webtiles) character file.

Game seed: 2283032018002650069

0 sokol815 the Conjurer (level 1, -2/13 HPs)
             Began as a Human Conjurer on Apr 17, 2022.
             Slain by a kobold
             ... wielding a +0 short sword
              (5 damage)
             ... on level 1 of the Dungeon.
             The game lasted 00:00:44 (100 turns).

sokol815 the Conjurer (Human Conjurer)               Turns: 100, Time: 00:00:44

Health: -2/13      AC:  2    Str:  7    XL:     1   Next: 11%
Magic:  0/3        EV: 12    Int: 18    God:
Gold:   0          SH:  0    Dex: 11    Spells: 3/4 levels left

rFire   . . .      SeeInvis .   (no weapon)
rCold   . . .      Faith    .   (no shield)
rNeg    . . .      Spirit   +   a - +0 robe
rPois   .          Reflect  .   (no helmet)
rElec   .          Harm     .   (no cloak)
rCorr   .          Rampage  .   (no gloves)
Will    .....                   (no boots)
Stlth   ++........              b - amulet of guardian spirit
HPRegen 0.04/turn               (no ring)
MPRegen 0.08/turn               (no ring)

@: no status effects
A: no striking features
a: no special abilities


You were on level 1 of the Dungeon.
You visited 1 branch of the dungeon, and saw 1 of its levels.

Inventory:

Hand Weapons
 c - a +0 dagger
   (You found it on level 1 of the Dungeon)
Armour
 a - a +0 robe (worn)
Jewellery
 b - an amulet of guardian spirit (around neck)
   (You found it on level 1 of the Dungeon)
Potions
 M - a potion of magic


   Skills:
 - Level 2.0 Dodging
 - Level 2.0 Stealth
 - Level 2.0 Spellcasting
 + Level 4.0 Conjurations


You had 3 spell levels left.
You knew the following spells:

 Your Spells              Type           Power      Damage    Failure   Level
a - Magic Dart            Conj           64%        1d6       3%          1

Your spell library contained the following spells:

 Spells                   Type           Power      Damage    Failure   Level
 Searing Ray              Conj           32%        2d5       5%          2
 Dazzling Flash           Conj/Hex       18%        N/A       24%         3
 Fulminant Prism          Conj/Hex       4%         3d6       61%         4
 Iskenderun's Mystic Bla  Conj/Tloc      9%         2d4       61%         4


Dungeon Overview and Level Annotations

Branches:
Dungeon (1/15)

Altars:


Message History

Welcome, sokol815 the Human Conjurer.
It is said that the Orb of Zot exists deep within this dungeon.
Found a staircase leading out of the dungeon.
b - an amulet of guardian spirit You start putting on your amulet.
You continue putting on your amulet of guardian spirit. x5
You finish putting on your amulet of guardian spirit.
You feel your power drawn to a protective spirit.
b - an amulet of guardian spirit (around neck)
A bat comes into view.
The bat moves out of view.
The bat hits you.
You take 1 damage, and have 12/13 hp.
You hit the bat but do no damage. The bat closely misses you.
The magic dart hits the bat.
You kill the bat!
You now have 2/3 mp.
You start resting.
Health restored: 13; MP restored: 3 A kobold comes into view.
It is wielding a +0 short sword.
Found a stone staircase leading down.
The kobold shouts!
The magic dart hits the kobold but does no damage.
An endoplasm comes into view.
You now have 2/3 mp.
The magic dart hits the kobold.
The endoplasm quivers.
You now have 1/3 mp.
An endoplasm and a kobold come into view.
The kobold shouts!
You closely miss the kobold. The kobold hits you but does no damage.
A hobgoblin comes into view.
The hobgoblin shouts!
The kobold attacks as you move away! The kobold barely misses you.
The kobold attacks as you move away! The kobold closely misses you.
The kobold attacks as you move away! The kobold hits you but does no damage.
The kobold attacks as you move away! The kobold misses you.
The kobold attacks as you move away! The kobold barely misses you.
The kobold attacks as you move away! The kobold misses you.
MP restored: 3
Aim: a kobold, wielding a +0 short sword (100% to hit)
The magic dart hits the kobold.
The kobold hits you with a +0 short sword.
You take 4 damage, and have 9/13 hp.
MASSIVE DAMAGE!!
You now have 1/3 mp.
Aim: a kobold, wielding a +0 short sword (moderately wounded, 100% to hit)
The magic dart hits the kobold.
The kobold closely misses you.
You now have 0/3 mp.
You don't have enough magic to cast this spell.
A frilled lizard comes into view.
A rat comes into view.
The frilled lizard hisses angrily.
The rat bites you but does no damage. The rat bites you.
You take 2 damage, and have 7/13 hp.
Aim: a kobold, wielding a +0 short sword (heavily wounded, 100% to hit)
The magic dart hits the kobold.
The kobold hits you with a +0 short sword.
The rat closely misses you.
You take 2 damage, and have 5/13 hp.
You now have 0/3 mp.
The rat bites you.
* * * LOW HITPOINT WARNING * * *
You take 2 damage, and have 3/13 hp.
The kobold attacks as you move away!
The kobold hits you with a +0 short sword.
* * * LOW HITPOINT WARNING * * *
You take 1 damage, and have 2/13 hp.
Found a faded altar of an unknown god.
The kobold attacks as you move away! The kobold hits you but does no damage.
You see here a +0 dagger.
c - a +0 dagger The kobold hits you with a +0 short sword.
You die...

##.# #..#
#######..# #..#####
.........###......#
#....#g....K###.#
#.l.####.# #.#
#.#..l...# #.### #
#.######## #...#
###..####J# ###.#
#......@K.# #.#
#.##.#..### ####.#
#..... #.....
#.##.## #.##.# #..
... .. #.##.# #.
._. g.. #.#.g# .
#...# .. #.#.## ##
##.##.#. #.#.##
....#.## #.....


You could see an endoplasm and a kobold.

Vanquished Creatures
  A bat (D:1)
1 creature vanquished.

Notes
Turn   | Place    | Note
-------+----------+-------------------------------------------
     0 | D:1      | sokol815 the Human Conjurer began the quest for the Orb.
     0 | D:1      | Reached XP level 1. HP: 13/13 MP: 3/3
    94 | D:1      | HP: 3/13 [rat (2)]
    98 | D:1      | Found a faded altar of an unknown god.
   100 | D:1      | Slain by a kobold

Illustrated notes

Levels and vault maps discovered:
D:1:      minmay_arrival_plants_in_alcoves, layout_loops_cross,
          ebering_ecumenical_altar_box

Action                   || total
-------------------------++-------
Melee: Unarmed           ||     2
 Cast: Magic Dart        ||     6
Armor: Robe              ||     4
Dodge: Dodged            ||     8

Table legend: (Time is in decaauts)
 A = Elapsed time spent in this place.
 B = Non-inter-level travel time spent in this place.
 C = Inter-level travel time spent in this place.
 D = Time resting spent in this place.
 E = Time spent auto-exploring this place.
 F = Levels seen in this place.
 G = Mean time per level.
                   A        B        C        D        E       F      G
               +--------+--------+--------+--------+--------+-----+--------+
         Total |    100 |    100 |      0 |     12 |     32 |   1 |  100.0 |
       Dungeon |    100 |    100 |      0 |     12 |     32 |   1 |  100.0 |
               +--------+--------+--------+--------+--------+-----+--------+

Top non-repeatable levels by time:
     D:1: 100 daAuts

Table legend:
 A = Kills in this place as a percentage of kills in entire the game.
 B = Kills by you in this place as a percentage of kills by you in the entire game.
 C = Kills by friends in this place as a percentage of kills by friends in the entire game.
 D = Other kills in this place as a percentage of other kills in the entire game.
 E = Experience gained in this place as a percentage of experience gained in the entire game.
 F = Experience gained in this place divided by the number of levels of this place that you have seen.
                   A       B       C       D       E      F
               +-------+-------+-------+-------+-------+----------------------
         Total | 100.0 | 100.0 |   N/A |   N/A | 100.0 |   1.0
       Dungeon | 100.0 | 100.0 |   N/A |   N/A | 100.0 |   1.0
               +-------+-------+-------+-------+-------+----------------------
